 Seeded DCSS version 0.28-a0-1510-gd0f6b136d3 (webtiles) character file.

Game seed: 11624868902119693623 (custom seed)

59315 voltaire321 the Fighter (level 14, -3/127 HPs)
             Began as a Minotaur Fighter on Jan 15, 2022.
             Was a High Priest of Makhleb.
             Slain by a torpor snail (13 damage)
             ... on level 6 of the Lair of Beasts.
             The game lasted 00:35:38 (22013 turns).

voltaire321 the Fighter (Minotaur Fighter)         Turns: 22013, Time: 00:35:38

Health: -3/127     AC: 22    Str: 23    XL:     14   Next: 52%
Magic:  20/20      EV: 12    Int:  7    God:    Makhleb [*****.]
Gold:   1007       SH: 21    Dex: 11    Spells: 13/13 levels left

rFire   + . .      SeeInvis .   N - +2 broad axe (flame)
rCold   + + .      Faith    .   A - +0 tower shield
rNeg    . . .      Spirit   .   O - +0 swamp dragon scales
rPois   +          Reflect  +   (helmet restricted)
rElec   .          Harm     .   L - scarf {rC+ rF+}
rCorr   .          Rampage  .   g - +3 pair of gauntlets of War {Slay+5}
Will    +....                   G - +1 pair of boots
Stlth   +.........              b - amulet of reflection
HPRegen 0.31/turn               v - ring of protection from cold
MPRegen 0.17/turn               w - +4 ring of protection

@: slowed, very slow
A: horns 2, retaliatory headbutt
a: Renounce Religion, Minor Destruction, Lesser Servant of Makhleb, Major
Destruction, Greater Servant of Makhleb


You were on level 6 of the Lair of Beasts.
You worshipped Makhleb.
Makhleb was extremely pleased with you.
You visited 3 branches of the dungeon, and saw 17 of its levels.
You also visited: Sewer and Ice Cave.

You collected 1641 gold pieces.
You spent 634 gold pieces at shops.

Inventory:

Hand Weapons
 J - a +0 broad axe
 N - a +2 broad axe of flaming (weapon)
Missiles
 n - 21 poisoned darts (quivered)
 H - 5 datura-tipped darts
Armour
 c - a +0 buckler
 g - the +3 pair of gauntlets of War (worn) {Slay+5}
   (You bought it in a shop on level 6 of the Dungeon)

   Slay:      It affects your accuracy & damage with ranged weapons and melee
   (+5).
 l - a +1 cloak of cold resistance
 A - a +0 tower shield (worn)
 G - a +1 pair of boots (worn)
 L - a scarf of resistance (worn)
 O - +0 swamp dragon scales (worn)
Jewellery
 a - an amulet of the acrobat
 b - an amulet of reflection (around neck)
 m - a ring of resist corrosion
 v - a ring of protection from cold (left hand)
 w - a +4 ring of protection (right hand)
 D - a ring of fire
 F - a ring of poison resistance
 Q - a +6 ring of dexterity
 T - a +6 ring of strength
 U - a ring of protection from fire
 X - a ring of flight
 Z - a ring of see invisible
Wands
 r - a wand of digging (12)
 s - a wand of iceblast (17)
 y - a wand of mindburst (12)
 I - a wand of polymorph (22)
 K - a wand of paralysis (16)
Scrolls
 h - 11 scrolls of teleportation
 k - 6 scrolls of identify
 o - 5 scrolls of blinking
 u - a scroll of silence
 B - 2 scrolls of magic mapping
 E - 3 scrolls of fog
 M - 2 scrolls of fear
 P - a scroll of amnesia
 S - a scroll of brand weapon {unknown}
Potions
 d - a potion of might
 e - 2 potions of haste
 f - a potion of flight
 i - 3 potions of magic
 j - 2 potions of berserk rage
 p - 8 potions of curing
 q - a potion of invisibility
 t - 2 potions of degeneration
 x - 2 potions of mutation
 z - 3 potions of cancellation
 C - a potion of heal wounds
 R - a potion of ambrosia
 Y - 2 potions of brilliance


   Skills:
 + Level 12.8 Fighting
 + Level 12.5 Axes
 - Level 6.0 Throwing
 + Level 12.7 Armour
 + Level 11.2 Dodging
 + Level 12.7 Shields
 + Level 9.8 Invocations
 - Level 5.0 Evocations


You had 13 spell levels left.
You didn't know any spells.
Your spell library contained the following spells:

 Spells                   Type           Power      Damage    Failure   Level
 Magic Dart               Conj           0%         1d3       97%         1
 Summon Small Mammal      Summ           0%         N/A       97%         1
 Call Imp                 Summ           0%         N/A       99%         2
 Static Discharge         Conj/Air       0%         N/A       99%         2
 Call Canine Familiar     Summ           0%         N/A       100%        3
 Dazzling Flash           Conj/Hex       0%         N/A       100%        3
 Gell's Gravitas          Tloc           0%         N/A       100%        3
 Ignite Poison            Fire/Tmut/Pois 0%         N/A       100%        3
 Inner Flame              Hex/Fire       0%         N/A       100%        3
 Lesser Beckoning         Tloc           0%         N/A       100%        3
 Mephitic Cloud           Conj/Pois/Air  0%         N/A       100%        3
 Ozocubu's Armour         Ice            0%         N/A       100%        3
 Stone Arrow              Conj/Erth      0%         3d7       100%        3
 Summon Guardian Golem    Hex/Summ       0%         N/A       100%        3
 Teleport Other           Tloc           0%         N/A       100%        3
 Animate Armour           Summ/Erth      0%         N/A       100%        4
 Cause Fear               Hex            0%         N/A       100%        4
 Dispel Undead            Necr           0%         3d6       100%        4
 Fulminant Prism          Conj/Hex       0%         3d6       100%        4
 Iskenderun's Mystic Bla  Conj/Tloc      0%         2d3       100%        4
 Sticky Flame             Conj/Fire      0%         2d3       100%        4
 Agony                    Necr           0%         N/A       100%        5
 Freezing Cloud           Conj/Ice/Air   0%         6-21      100%        5
 Lee's Rapid Deconstruct  Erth           0%         3d5*      100%        5
 Silence                  Hex/Air        0%         N/A       100%        5
 Orb of Destruction       Conj           0%         9d5       100%        7
 Ozocubu's Refrigeration  Ice            0%         4d5       100%        7
 Spellforged Servitor     Conj/Summ      0%         N/A       100%        7
 Discord                  Hex            0%         N/A       100%        8
 Lehudib's Crystal Spear  Conj/Erth      0%         10d2      100%        8


Dungeon Overview and Level Annotations

Branches:
Dungeon (10/15)            Temple (1/1) D:4            Lair (6/6) D:10
 Shoals (0/4) Lair:4        Snake (0/4) Lair:3        Slime (0/5) Lair:5
  Sewer (visited)           IceCv (visited)
    Orc: D:9-12

Altars:
Ashenzari
Cheibriados
Dithmenos
Elyvilon
Fedhas
Gozag
Hepliaklqana
Kikubaaqudgha
Makhleb
Nemelex Xobeh
Okawaru
Qazlal
Ru
Sif Muna
Trog
Uskayaw
Vehumet
Wu Jian
Xom
Yredelemnul
Zin
The Shining One

Shops:
D:6 [*   D:7 ?

Annotations:
D:3 1 runed translucent door, psuckher's ghost, amateur GrEE
D:5 2 runed translucent doors, fragbeetle's ghost, novice GrEE
Lair:5 exclusion: 2 oklob plants


Innate Abilities, Weirdness & Mutations

You have a pair of horns on your head.
You reflexively headbutt those who attack you in melee.


Message History

The lindwurm claws you but does no damage.
The lindwurm barely misses you. The torpor snail bites you!
You barely miss the tyrant leech. Your headbutt misses the tyrant leech.
The tyrant leech is moderately wounded.
You hit the lindwurm. You burn the lindwurm. You hit the torpor snail.
You burn the torpor snail. The tyrant leech closely misses you.
The lindwurm breathes flames at you. The blast of flame misses you.
The torpor snail bites you but does no damage.
The tyrant leech bites you but does no damage.
You hit the torpor snail. You burn the torpor snail.
You headbutt the torpor snail, but do no damage.
The torpor snail is lightly wounded.
You slash the tyrant leech! You burn the tyrant leech. You slash the lindwurm!
You burn the lindwurm. The lindwurm bites you.
You block the lindwurm's attack. x2
The lindwurm completely misses you. You furiously retaliate!
You headbutt the lindwurm.
You kill the lindwurm!
Makhleb accepts your kill.
You feel better.
The tyrant leech bites you but does no damage.
The torpor snail bites you.
You slash the torpor snail! You burn the torpor snail.
The torpor snail is moderately wounded.
You slash the tyrant leech! You burn the tyrant leech!
You block the tyrant leech's attack.
The torpor snail bites you but does no damage.
You block the tyrant leech's attack. The torpor snail bites you.
You slice the torpor snail!! You burn the torpor snail!
The torpor snail is severely wounded.
You barely miss the tyrant leech. The tyrant leech bites you!!
* * * LOW HITPOINT WARNING * * *
The tyrant leech draws strength from your injuries!
The torpor snail bites you!
* * * LOW HITPOINT WARNING * * *
You hit the tyrant leech. You burn the tyrant leech.
The tyrant leech is almost dead.
You slash the torpor snail! You burn the torpor snail.
You block the tyrant leech's attack. The torpor snail bites you!
You die...

###...#.####...##
##...#.##...##
####.P..#...##
##.#.....†.######
##.#...†..### ..##
###.#....†### ...#
.##.....### ..#
#.....#..#### ##w.#
.....##....P####@w$#
..######..........##
##.# #####....###
#### ######


You could see a tyrant leech and a torpor snail.

Vanquished Creatures
  Nessos (Lair:6)
  A dire elephant (Lair:6)
  The ghost of Pooter the Severer, a journeyman MiFi of Makhleb (Lair:5)
  Snorg (Lair:6)
  A fire dragon (Lair:6)
  11 hydras
  2 boulder beetles (Lair:4)
  2 catoblepae
  2 two-headed ogres
  7 death yaks
  The ghost of SensoryNuts the Carver, a novice DsFi of Nemelex Xobeh (D:10)
  2 lindwurms (Lair:6)
  An ugly thing (IceCv)
  A wolf spider (Lair:6)
  12 black mambas
  Maggie (D:6)
  5 torpor snails
  A guardian serpent (Lair:6)
  24 cane toads
  A rime drake (Lair:4)
  3 komodo dragons
  2 polar bears
  A queen bee (D:10)
  2 tyrant leeches (Lair:6)
  11 hornets
  14 blink frogs
  A slime creature (D:10)
  5 dream sheep (Lair:6)
  A shadow (D:5)
  Sigmund (D:2)
  16 wyverns
  40 yaks
  2 basilisks
  3 redbacks (Lair:6)
  2 steam dragons
  A death yak simulacrum (IceCv)
  2 nagas (Lair:3)
  A harpy simulacrum (IceCv)
  27 water moccasins
  Pargi (Sewer)
  3 ice beasts
  3 orc warriors
  A sky beast (D:5)
  4 black bears
  11 wolves
  4 boggarts (Lair:5)
  5 ogres
  A necrophage (D:8)
  5 centaurs
  A kobold brigand (D:7)
  9 bullfrogs
  4 scorpions
  A gnoll sergeant (D:9)
  2 cane toad simulacra (IceCv)
  A wyvern skeleton (D:7)
  A water moccasin skeleton (D:4)
  An elephant simulacrum (IceCv)
  A wight (D:10)
  8 killer bees (D:10)
  7 centaur zombies
  2 bullfrog zombies
  An orc priest (D:4)
  2 centaur skeletons
  A bullfrog skeleton (D:4)
  4 orc wizards
  A howler monkey skeleton (D:6)
  9 gnolls
  2 adders
  A shadow imp (D:8)
  12 white imps (Lair:4)
  3 worms
  2 dart slugs
  14 orcs
  10 ball pythons
  3 bats (D:1)
  2 endoplasms
  7 giant cockroaches (D:4)
  6 goblins
  5 hobgoblins
  2 jackals (D:1)
  8 kobolds
  4 quokkas
  4 frilled lizards
  10 rats
402 creatures vanquished.

Vanquished Creatures (others)
  A lindwurm (Lair:3)
  59 fungi
  148 plants
208 creatures vanquished.

Grand Total: 610 creatures vanquished

Notes
Turn   | Place    | Note
-------+----------+-------------------------------------------
     0 | D:1      | voltaire321 the Minotaur Fighter began the quest for the
                  | Orb.
     0 | D:1      | Reached XP level 1. HP: 19/19 MP: 0/0
   284 | D:1      | Reached XP level 2. HP: 27/27 MP: 1/1
   449 | D:1      | Found a faded altar of an unknown god.
   555 | D:1      | Reached skill level 1 in Dodging
   831 | D:1      | Reached XP level 3. HP: 33/33 MP: 2/2
  1331 | D:2      | Noticed Sigmund
  1352 | D:2      | Killed Sigmund
  1353 | D:2      | Reached skill level 1 in Throwing
  1353 | D:2      | Reached XP level 4. HP: 38/41 MP: 3/3
  1353 | D:2      | Reached XP level 5. HP: 43/47 MP: 4/4
  1645 | D:2      | Identified the +6 leather armour of a bailey {-Tele Harm
                  | Str-4 Dex+5}
  2022 | D:3      | Found a runed translucent door.
  2281 | D:3      | Noticed psuckher's ghost (amateur GrEE)
  2720 | D:4      | Found a glowing drain.
  2731 | Sewer    | Entered a sewer
  2788 | Sewer    | Noticed Pargi
  2794 | Sewer    | Killed Pargi
  2795 | Sewer    | Reached XP level 6. HP: 55/55 MP: 5/5
  3084 | D:4      | Found a staircase to the Ecumenical Temple.
  3103 | D:4      | Reached skill level 5 in Fighting
  3103 | D:4      | Reached skill level 5 in Armour
  3103 | D:4      | Reached skill level 5 in Shields
  3121 | Temple   | Entered the Ecumenical Temple
  3217 | Temple   | Became a worshipper of Makhleb the Destroyer
  3400 | D:4      | Reached XP level 7. HP: 41/61 MP: 6/6
  3634 | D:4      | Found a bloodstained altar of Trog.
  3756 | D:5      | Entered Level 5 of the Dungeon
  3806 | D:5      | Found a large runed translucent door.
  3806 | D:5      | Found a large runed translucent door.
  3832 | D:5      | Reached skill level 1 in Invocations
  4024 | D:5      | Noticed a shadow
  4057 | D:5      | Killed a shadow
  4058 | D:5      | Reached skill level 1 in Evocations
  4222 | D:5      | Noticed fragbeetle's ghost (novice GrEE)
  4927 | D:5      | Reached skill level 5 in Axes
  4927 | D:5      | Reached XP level 8. HP: 53/70 MP: 8/8
  5636 | D:6      | Found Qeguaxig's Armour Shop.
  5689 | D:6      | Found Ysatroz's General Store.
  5689 | D:6      | Noticed Maggie
  5703 | D:6      | Killed Maggie
  5747 | D:6      | Bought a scroll of teleportation for 45 gold pieces
  6154 | D:7      | Found a glowing golden altar of the Shining One.
  6168 | D:7      | Reached XP level 9. HP: 78/78 MP: 10/10
  6188 | D:7      | Found a blossoming altar of Fedhas.
  6203 | D:7      | Reached skill level 5 in Dodging
  6269 | D:7      | Reached * piety under Makhleb
  6410 | D:7      | Found a stormy altar of Qazlal.
  6437 | D:7      | Found Xelylutz's Magic Scroll Shoppe.
  6477 | D:7      | Bought a scroll of blinking for 90 gold pieces
  6477 | D:7      | Bought a scroll of identify for 24 gold pieces
  7169 | D:8      | Identified the +0 ring mail "Ecvosku" {Drain rPois Dex+3}
  7284 | D:8      | Noticed a two-headed ogre
  7293 | D:8      | Killed a two-headed ogre
  7575 | D:8      | Reached XP level 10. HP: 85/86 MP: 12/12
  8258 | D:9      | Noticed a two-headed ogre
  8266 | D:9      | Killed a two-headed ogre
  8267 | D:9      | Reached skill level 5 in Throwing
  8672 | D:9      | Reached ** piety under Makhleb
  9267 | D:10     | Entered Level 10 of the Dungeon
  9409 | D:10     | Found a staircase to the Lair.
  9641 | D:10     | Reached skill level 5 in Invocations
  9891 | D:10     | Found a transporter.
  9895 | D:10     | Found a transporter.
  9896 | D:10     | Noticed SensoryNuts's ghost (novice DsFi)
  9904 | D:10     | Found a glowing silver altar of Zin.
 10003 | D:10     | Found an opulent altar of Gozag.
 10297 | D:10     | Noticed a catoblepas
 10336 | D:10     | Killed a catoblepas
 10337 | D:10     | Reached XP level 11. HP: 30/95 MP: 13/13
 11109 | D:10     | Killed SensoryNuts's ghost
 11560 | Lair:1   | Entered Level 1 of the Lair of Beasts
 11863 | Lair:1   | Reached skill level 5 in Evocations
 12692 | Lair:2   | Noticed an eight-headed hydra
 12705 | Lair:2   | Killed a five-headed hydra
 13214 | Lair:2   | You fall into a shaft and drop 1 floor!
 13218 | Lair:3   | Noticed a four-headed hydra
 13227 | Lair:3   | Killed a one-headed hydra
 13713 | Lair:2   | Noticed a five-headed hydra
 13722 | Lair:2   | Killed a one-headed hydra
 13855 | Lair:2   | Reached *** piety under Makhleb
 14082 | Lair:3   | Reached XP level 12. HP: 83/106 MP: 15/15
 14210 | Lair:3   | Found a staircase to the Snake Pit.
 14524 | Lair:3   | Noticed a seven-headed hydra
 14528 | Lair:3   | Reached skill level 10 in Fighting
 14537 | Lair:3   | Killed a two-headed hydra
 14538 | Lair:3   | Reached skill level 10 in Shields
 14543 | Lair:3   | Reached skill level 10 in Armour
 14884 | Lair:3   | Reached skill level 10 in Axes
 15674 | D:6      | Bought the +3 pair of gauntlets of War {Slay+5} for 475
                  | gold pieces
 15674 | D:6      | Found the +3 pair of gauntlets of War {Slay+5}
 16247 | Lair:4   | Noticed a five-headed hydra
 16251 | Lair:4   | Noticed a boulder beetle
 16255 | Lair:4   | Killed a two-headed hydra
 16266 | Lair:4   | Killed a boulder beetle
 16308 | Lair:4   | Found a staircase to the Shoals.
 16336 | Lair:4   | Found a frozen archway.
 16342 | Lair:4   | Reached **** piety under Makhleb
 16352 | IceCv    | Entered an ice cave
 17223 | Lair:4   | Noticed a boulder beetle
 17236 | Lair:4   | Killed a boulder beetle
 17611 | Lair:4   | Identified the -2 pair of gloves of the Devil {rC+ Str+2
                  | Dex+4 SInv}
 18211 | Lair:5   | Noticed a death yak
 18212 | Lair:5   | Noticed a death yak
 18748 | Lair:5   | Reached XP level 13. HP: 115/115 MP: 16/18
 19328 | Lair:5   | Found a staircase to the Slime Pits.
 19486 | Lair:5   | Found a runed translucent gate.
 19486 | Lair:5   | Found a runed translucent gate.
 19487 | Lair:5   | Found a runed translucent gate.
 19488 | Lair:5   | Noticed Pooter's ghost (journeyman MiFi)
 19516 | Lair:5   | Killed Pooter's ghost
 19530 | Lair:5   | Identified the +6 scimitar of Dithmenos's Esteem {freeze,
                  | Int+5}
 19839 | Lair:6   | Entered Level 6 of the Lair of Beasts
 19936 | Lair:6   | Noticed a dire elephant
 19952 | Lair:6   | Killed a dire elephant
 19959 | Lair:6   | Reached skill level 10 in Dodging
 19960 | Lair:6   | Paralysed by a hornet for 3 turns
 20070 | Lair:6   | Noticed Nessos
 20249 | Lair:6   | Reached ***** piety under Makhleb
 20545 | Lair:6   | Identified the +0 chain mail "Lem Eshe" {rF- Dex+9}
 20714 | Lair:6   | Noticed Snorg
 20725 | Lair:6   | Killed Snorg
 20726 | Lair:6   | Reached XP level 14. HP: 119/126 MP: 19/19
 21177 | Lair:6   | Killed Nessos
 21580 | Lair:6   | Found a runed translucent door.
 22013 | Lair:6   | Slain by a torpor snail

Illustrated notes

Levels and vault maps discovered:
D:1:      dpeg_arrival_refuge, layout_loops_corners,
          ebering_ecumenical_altar_sacrificial
D:2:      layout_basic, kennysheep_generic_room_3, uniq_sigmund
D:3:      layout_rooms, ebering_ghost_sewer_d
D:4:      layout_basic, trog_antimagical, minmay_temple_entry_stoned_glass,
          gup_sewer_entry_pipe, fountainhead
D:5:      layout_gridville, ebering_ghost_disaster_area
D:6:      layout_loops_ring, serial_shops, nicolae_shop_trees,
          nicolae_lakefront_shop, chequers_serial_rivers_micro_c, uniq_maggie
D:7:      layout_basic, mainiacjoe_overflow_small_starburst,
          mainiacjoe_overflow_24_doors, mainiacjoe_overflow_tiny_flanked,
          serial_shops, nicolae_shop_stone
D:8:      layout_basic
D:9:      layout_irregular_city
D:10:     kennysheep_big_flooded_room, layout_loops_ring,
          pdpol_temple_overflow_zin_treasury_gozag_greed,
          grunt_lair_entry_orc_guard_hut, gammafunk_ghost_hive,
          kennysheep_generic_room_6
Temple:   nicolae_temple_elliptical
Lair:1:   layout_long_grid
Lair:2:   layout_regular_city
Lair:3:   layout_roguey, guppyfry_snake_entry_island
Lair:4:   layout_regular_city, shoals_dummy_entry, portal_ice_cave_entry_imps,
          infiniplex_staircase_pool_2, serial_bayou_shore_b, grunt_megastairs_4
Lair:5:   layout_regular_city, minmay_slime_entry_oklob_enclosed,
          gammafunk_ghost_hydra_chop, kilobyte_rumbling_trees,
          serial_bayou_shore_a
Lair:6:   hangedman_lair_tendril_chambers, layout_loops_ring, wormcave,
          nicolae_lair_yak_garden, uniq_snorg, uniq_nessos

Skill      XL: |  1  2  3  4  5  6  7  8  9 10 11 12 13 14 |
---------------+-------------------------------------------+-----
Dodging        | 1 2 3 4 5 6 8 9 10 11 | 11.2
Armour         | 4 5 6 7 8 9 10 12 | 12.7
Shields        | 4 5 6 7 8 9 10 12 | 12.7
Fighting       | 4 5 6 7 8 9 10 12 | 12.8
Axes           | 3 4 5 6 8 9 10 11 12 | 12.5
Throwing       | 1 2 3 4 5 6 |  6.0
Invocations    | 1 2 4 5 6 8 9 |  9.8
Evocations     | 1 2 3 4 5 |  5.0

Action                   |  1- 3 |  4- 6 |  7- 9 | 10-12 | 13-15 || total
-------------------------+-------+-------+-------+-------+-------++-------
Melee: War axe           |    79 |   105 |    64 |       |       ||   248
       Headbutt          |     9 |    18 |    42 |   103 |    97 ||   269
       Broad axe         |       |       |   127 |   475 |   364 ||   966
Throw: Dart              |     2 |     3 |    12 |     4 |     6 ||    27
Evoke: Wand              |       |       |     2 |       |       ||     2
  Use: Scroll            |       |       |    10 |    14 |     4 ||    28
       Potion            |       |       |       |     6 |     1 ||     7
Armor: Scale mail        |    40 |     2 |       |       |       ||    42
       Chain mail        |       |    33 |    68 |       |       ||   101
       Swamp dragon scal |       |       |    42 |   226 |   184 ||   452
Dodge: Dodged            |    40 |    32 |    86 |   301 |   202 ||   661
Block: Buckler           |    19 |    43 |   116 |   324 |    39 ||   541
       Reflection        |       |       |     1 |    10 |     4 ||    15
       Tower shield      |       |       |       |       |   463 ||   463

Table legend: (Time is in decaauts)
 A = Elapsed time spent in this place.
 B = Non-inter-level travel time spent in this place.
 C = Inter-level travel time spent in this place.
 D = Time resting spent in this place.
 E = Time spent auto-exploring this place.
 F = Levels seen in this place.
 G = Mean time per level.
                   A        B        C        D        E       F      G
               +--------+--------+--------+--------+--------+-----+--------+
         Total |  22434 |  21415 |   1019 |   4425 |  13001 |  19 | 1180.7 |
       Dungeon |  11693 |  10976 |    717 |   1836 |   7372 |  10 | 1169.3 |
        Temple |    156 |    137 |     19 |      0 |     94 |   1 |  156.0 |
          Lair |   9772 |   9490 |    282 |   2116 |   5387 |   6 | 1628.7 |
         Sewer |    215 |    215 |      0 |      0 |    147 |   1 |  215.0 |
      Ice Cave |    597 |    597 |      0 |    473 |      0 |   1 |  597.0 |
               +--------+--------+--------+--------+--------+-----+--------+

Top non-repeatable levels by time:
    D:10: 2384 daAuts
  Lair:6: 2118 daAuts
  Lair:3: 1794 daAuts
  Lair:4: 1673 daAuts
  Lair:5: 1611 daAuts
     D:5: 1539 daAuts
  Lair:2: 1485 daAuts
     D:9: 1326 daAuts
  Lair:1: 1089 daAuts
     D:1: 1077 daAuts
     D:7: 1040 daAuts
     D:8: 974 daAuts
     D:2: 955 daAuts
     D:4: 953 daAuts
     D:6: 931 daAuts
